 Dungeon Crawl Stone Soup version 0.29.1 (webtiles) character file.

Game seed: 7183813893913634441

415 qw the Chopper (level 6, -10/38 HPs)
             Began as a Gargoyle Fighter on Sept 13, 2022.
             Killed from afar by Maggie (20 damage)
             ... with a bolt of fire
             ... on level 6 of the Dungeon.
             The game lasted 00:01:41 (5221 turns).

qw the Chopper (Gargoyle Fighter)                   Turns: 5221, Time: 00:01:41

Health: -10/38     AC: 14    Str: 21    XL:     6   Next: 92%
Magic:  0/6        EV:  7    Int:  9    God:
Gold:   221        SH:  4    Dex:  9    Spells: 5/5 levels left

rFire   . . .      SeeInvis .   Y - +1 war axe (chaos)
rCold   . . .      Faith    .   c - +0 buckler
rNeg    + . .      Spirit   +   u - +0 chain mail
rPois   inf        Reflect  .   (no helmet)
rElec   +          Harm     .   (no cloak)
rCorr   .          Rampage  .   e - +0 pair of gloves
Will    .....                   (no boots)
Stlth   ..........              q - amulet of guardian spirit
HPRegen 0.12/turn               (no ring)
MPRegen 0.10/turn               (no ring)

@: mesmerised
A: sickness immunity, AC +4, negative energy resistance 1, electricity
resistance, torment resistance 1, petrification resistance
a: no special abilities


You were on level 6 of the Dungeon.
You visited 1 branch of the dungeon, and saw 6 of its levels.

You collected 268 gold pieces.
You spent 47 gold pieces at shops.


Innate Abilities, Weirdness & Mutations

You are immune to sickness and miasma.
Your stone body is resilient. (AC +4)
You are immune to poison.
You resist negative energy. (rN+)
You are resistant to electric shocks. (rElec)
You are resistant to unholy torment.
You are immune to petrification.


   Skills:
 - Level 4.0 Fighting
 + Level 5.6 Axes
 - Level 1.2 Throwing
 - Level 3.2 Armour
 - Level 1.6 Dodging
 - Level 3.2 Shields


You had 5 spell levels left.
You didn't know any spells.
Your spell library was empty.

Inventory:

Hand Weapons
 n - a +2 flail of holy wrath
 Y - a +1 war axe of chaos (weapon)
Missiles
 p - 6 silver boomerangs (quivered)
Armour
 c - a +0 buckler (worn)
 e - a +0 pair of gloves (worn)
 j - a +1 ring mail of fire resistance
 u - a +0 chain mail (worn)
Jewellery
 m - a ring of resist corrosion
 q - an amulet of guardian spirit (around neck)
Scrolls
 f - a scroll of immolation {unknown}
 l - 2 scrolls of identify
Potions
 a - a potion of lignification
 b - a potion of invisibility {unknown}
 d - 2 potions of might
 g - 3 potions of curing
 h - 2 potions of attraction
 i - a potion of flight {unknown}
 k - a potion of heal wounds
 o - a potion of degeneration {unknown}
 t - a potion of cancellation {unknown}

Dungeon Overview and Level Annotations

Branches:
Dungeon (6/15)
 Temple: D:4-7

Altars:
Gozag
Sif Muna
Xom
The Shining One

Shops:
D:1 :((**   D:3 (

Annotations:
D:2 1 runed translucent door, Crazy Yiuf
D:4 2 runed translucent doors
D:5 2 runed translucent doors
D:6 Maggie


Message History

5199 ||| FLEEEEING.
5200 ||| FLEEEEING.
Maggie zaps a wand.
The mass of ice explodes!
The iceblast engulfs you.
5201 ||| FLEEEEING.
5207 ||| FLEEEEING.
5208 ||| FLEEEEING.
5209 ||| FLEEEEING.
5210 ||| FLEEEEING.
Maggie casts a spell.
Maggie attempts to bespell you!
You are mesmerised by Maggie!
Maggie barely misses you. Maggie hits you but does no damage.
You hit Maggie. You freeze Maggie.
Maggie is lightly wounded.
Maggie barely misses you.
You barely miss Maggie.
Maggie is lightly wounded.
Maggie hits you with a +1 vorpal glaive.
You barely miss Maggie.
Maggie is lightly wounded.
Maggie barely misses you.
You closely miss Maggie.
Maggie is lightly wounded.
Maggie hits you but does no damage.
Maggie hits you with a +1 vorpal glaive!
You barely miss Maggie.
Maggie is lightly wounded.
Maggie barely misses you.
You closely miss Maggie.
Maggie is lightly wounded.
Maggie points at you and mumbles some strange words.
The bolt of fire hits you!
You barely miss Maggie.
Maggie is lightly wounded.
Maggie says, "Did Master Lance send you?"
Maggie points at you and mumbles some strange words.
The bolt of fire hits you!!
Ouch! That really hurt!
You die...

#.......######
#######.....@##
######..## ###.##
##.## ##.### ###
#...#
#.###############..#
##..........@@.....##
##...#........#######
###..####......##
##..### ##.....##
<..## #..####.## ..##
##.## ##.## ..# ##.##
##.## .)# ##.## ##.#
#.## ##.## ###


You could see Maggie (mesmerising).

Vanquished Creatures
  2 orc priests
  2 hounds
  An iguana (D:4)
  Terence (D:2)
  3 orc wizards
  5 adders
  A white imp (D:5)
  2 dart slugs
  15 orcs
  6 ball pythons
  6 bats
  5 endoplasms
  5 giant cockroaches
  9 goblins
  8 hobgoblins
  6 jackals (D:4)
  3 quokkas
  8 frilled lizards
  11 kobolds
  5 rats
104 creatures vanquished.

Notes
Turn   | Place    | Note
-------+----------+-------------------------------------------
     0 | D:1      | qw the Gargoyle Fighter began the quest for the Orb.
     0 | D:1      | Reached XP level 1. HP: 14/14 MP: 1/1
     0 | D:1      | 0 ||| qw: Version: 0.1-a-119-g272c26d
     0 | D:1      | 0 ||| qw: Game counter: 11112
     0 | D:1      | 0 ||| qw: Always use a shield: true
     0 | D:1      | 0 ||| qw: God list: Okawaru
     0 | D:1      | 0 ||| qw: Allow faded altars: false
     0 | D:1      | 0 ||| qw: Do Orc after D:15 true
     0 | D:1      | 0 ||| qw: Do second Lair branch before Depths: true
     0 | D:1      | 0 ||| qw: Lair rune preference: random
     0 | D:1      | 0 ||| qw: Plans: Normal, Zot, God:TSO, Crypt, Tomb, Pan,
                  | Slime, Hells, Zig, Abyss, Orb
     0 | D:1      | 0 ||| PLANNING D:1-11
   278 | D:1      | 278 ||| Stepping ~*~*~tactically~*~*~ (stealth).
   279 | D:1      | 279 ||| Stepping ~*~*~tactically~*~*~ (stealth).
   285 | D:1      | Reached skill level 2 in Axes
   340 | D:1      | Found Tebeom's Weapon Shoppe.
   374 | D:1      | 374 ||| Stepping ~*~*~tactically~*~*~ (stealth).
   383 | D:1      | Reached XP level 2. HP: 18/19 MP: 2/2
   410 | D:1      | Found Joemap's Book Shop.
   413 | D:1      | 413 ||| SHOPLISTING +0 mace (39 gold, have 10).
   417 | D:1      | 417 ||| Stepping ~*~*~tactically~*~*~ (hiding).
   420 | D:1      | 420 ||| Stepping ~*~*~tactically~*~*~ (hiding).
   535 | D:1      | 535 ||| Stepping ~*~*~tactically~*~*~ (stealth).
   546 | D:1      | 546 ||| Stepping ~*~*~tactically~*~*~ (stealth).
   619 | D:1      | 619 ||| Stepping ~*~*~tactically~*~*~ (stealth).
   627 | D:1      | 627 ||| DROPPING +0 hand axe of venom.
   688 | D:1      | Found Utimp's Weapon Boutique.
   701 | D:1      | Reached skill level 3 in Axes
   751 | D:1      | 751 ||| SHOPLISTING +0 mace (33 gold, have 17).
   826 | D:1      | Found Ting's Assorted Antiques.
   853 | D:1      | Reached XP level 3. HP: 23/23 MP: 3/3
   863 | D:1      | 863 ||| Stepping ~*~*~tactically~*~*~ (stealth).
   921 | D:1      | Found Piol's General Store.
   933 | D:1      | 933 ||| SHOPLISTING potion of cancellation (88 gold, have
                  | 53).
   933 | D:1      | 933 ||| SHOPLISTING potion of resistance (110 gold, have
                  | 53).
   933 | D:1      | 933 ||| BUYING scroll of identify (22 gold).
   933 | D:1      | Bought a scroll of identify for 22 gold pieces
  1042 | D:1      | 1042 ||| SHOPLISTING 2 viscous black potions (45 gold, have
                  | 31).
  1042 | D:1      | 1042 ||| BUYING scroll labelled FOOQEU NAVONT (25 gold).
  1042 | D:1      | Bought a scroll labelled FOOQEU NAVONT for 25 gold pieces
  1042 | D:1      | 1042 ||| SHOPLISTING scroll labelled QEIPIEGGEAKK (25 gold,
                  | have 6).
  1042 | D:1      | 1042 ||| SHOPLISTING viscous black potion (22 gold, have
                  | 6).
  1042 | D:1      | 1042 ||| SHOPLISTING viscous grey potion (22 gold, have 6).
  1042 | D:1      | 1042 ||| SHOPLISTING whip (62 gold, have 6).
  1042 | D:1      | 1042 ||| SHOPLISTING yellow potion (22 gold, have 6).
  1052 | D:1      | 1052 ||| UPGRADING to +0 pair of gloves.
  1057 | D:1      | 1057 ||| READING scroll labelled RAEGIUMOABEP.
  1058 | D:1      | 1058 ||| READING scroll labelled FOOQEU NAVONT.
  1059 | D:1      | 1059 ||| DRINKING 2 viscous black potions.
  1516 | D:2      | Found a runed translucent door.
  1517 | D:2      | Noticed Crazy Yiuf
  1680 | D:2      | 1680 ||| Stepping ~*~*~tactically~*~*~ (hiding).
  1870 | D:2      | Noticed Terence
  1872 | D:2      | 1872 ||| Stepping ~*~*~tactically~*~*~ (stealth).
  1880 | D:2      | Killed Terence
  1881 | D:2      | Reached skill level 4 in Axes
  1881 | D:2      | Reached XP level 4. HP: 18/28 MP: 4/4
  1989 | D:2      | 1989 ||| DROPPING +0 club.
  2326 | D:2      | 2326 ||| UPGRADING to +1 ring mail of fire resistance.
  2336 | D:2      | 2336 ||| DRINKING 2 viscous white potions.
  2337 | D:2      | 2337 ||| DRINKING 2 grey potions.
  2530 | D:3      | Found a faded altar of an unknown god.
  2627 | D:3      | Found Plog's Weapon Shoppe.
  2797 | D:3      | Found an opulent altar of Gozag.
  2934 | D:3      | 2934 ||| Stepping ~*~*~tactically~*~*~ (hiding).
  2946 | D:3      | Reached XP level 5. HP: 31/32 MP: 5/5
  2964 | D:3      | 2964 ||| Stepping ~*~*~tactically~*~*~ (stealth).
  2972 | D:3      | 2972 ||| FLEEEEING.
  3188 | D:3      | 3188 ||| DROPPING orb of light.
  3189 | D:3      | 3189 ||| READING scroll labelled EDAP LUOLOG.
  3317 | D:4      | Reached skill level 5 in Axes
  3335 | D:4      | 3335 ||| Stepping ~*~*~tactically~*~*~ (hiding).
  3344 | D:4      | Reached skill level 1 in Throwing
  3353 | D:4      | Reached skill level 1 in Dodging
  3353 | D:4      | Reached XP level 6. HP: 20/37 MP: 6/6
  3491 | D:4      | 3491 ||| DROPPING +0 flail.
  3559 | D:4      | Found a large runed translucent door.
  3575 | D:4      | Found a large runed translucent door.
  3690 | D:4      | 3690 ||| Stepping ~*~*~tactically~*~*~ (stealth).
  3977 | D:4      | 3977 ||| DROPPING +0 scale mail.
  3978 | D:4      | 3978 ||| UPGRADING to +0 chain mail.
  3988 | D:4      | 3988 ||| UPGRADING to amulet of guardian spirit.
  3993 | D:4      | 3993 ||| DROPPING +6 ring of intelligence.
  3994 | D:4      | 3994 ||| DROPPING ring of wizardry.
  3995 | D:4      | 3995 ||| READING scroll labelled LUCIBR SE IFF.
  3996 | D:4      | 3996 ||| READING scroll labelled BUAV MOKIBLOG.
  3997 | D:4      | 3997 ||| DRINKING 2 yellow potions.
  4041 | D:4      | 4041 ||| READING 2 scrolls of identify.
  4041 | D:4      | 4041 ||| IDENTIFYING viscous grey potion
  4042 | D:4      | 4042 ||| DROPPING potion of brilliance.
  4064 | D:5      | Entered Level 5 of the Dungeon
  4065 | D:5      | 4065 ||| PLANNING SEWER
  4158 | D:5      | Found a glowing golden altar of the Shining One.
  4168 | D:5      | 4168 ||| READING scroll of enchant weapon.
  4168 | D:5      | 4168 ||| ENCHANTING +1 war axe.
  4237 | D:5      | Found a shimmering blue altar of Sif Muna.
  4333 | D:5      | 4333 ||| SWAPPING to +0 war axe of freezing.
  4334 | D:5      | 4334 ||| DROPPING +2 war axe.
  4358 | D:5      | 4358 ||| READING scroll of enchant weapon.
  4358 | D:5      | 4358 ||| ENCHANTING +0 war axe of freezing.
  4430 | D:5      | 4430 ||| Stepping ~*~*~tactically~*~*~ (stealth).
  4438 | D:5      | Found a large runed translucent door.
  4438 | D:5      | Found a large runed translucent door.
  4524 | D:5      | Found a shimmering altar of Xom.
  4723 | D:5      | 4723 ||| RIP SEWER
  4817 | D:5      | 4817 ||| PLANNING D:1-11
  5066 | D:5      | 5066 ||| READING scroll labelled QYAKHI JIDUIP.
  5100 | D:6      | Identified the +6 long sword "Deuptami" {elec, Int+2 Dex+6}
  5185 | D:6      | Noticed Maggie
  5186 | D:6      | 5186 ||| FLEEEEING.
  5199 | D:6      | 5199 ||| FLEEEEING.
  5200 | D:6      | 5200 ||| FLEEEEING.
  5201 | D:6      | 5201 ||| FLEEEEING.
  5207 | D:6      | 5207 ||| FLEEEEING.
  5208 | D:6      | 5208 ||| FLEEEEING.
  5209 | D:6      | 5209 ||| FLEEEEING.
  5210 | D:6      | 5210 ||| FLEEEEING.
  5221 | D:6      | Killed from afar by Maggie

Levels and vault maps discovered:
D:1:      nagdon_arrival_double_spiral, layout_rooms, serial_shops,
          nicolae_shop_window_shopping, shop,
          nicolae_shop_temple_entry_statues_fountains, shop_statue, shop_statue,
          minmay_3d_cube
D:2:      layout_loops_ring, minmay_misc_feat_four_crosses, amethyst_killhole,
          uniq_crazy_yiuf_cottage, uniq_terence
D:3:      minmay_chambers_of_threes, layout_basic,
          mainiacjoe_overflow_cross_hatched,
          hellmonk_ecumenical_altar_leap_of_faith, serial_shops, shop,
          kennysheep_crisscross
D:4:      layout_basic, jmf_multi_god_temple2, kennysheep_cross_bottleneck
D:5:      due_chaos_kobolds, layout_basic, mainiacjoe_overflow_catch_the_wave,
          portal_sewer_entry_c, serial_bayou_crossing
D:6:      layout_layer_cave, nicolae_dithmenos_shadow_blocks, uniq_maggie

Skill      XL: |  1  2  3  4  5  6 |
---------------+-------------------+-----
Axes           | 2 3 4 5 |  5.6
Throwing       | 1 |  1.2
Dodging        | 1 |  1.6
Fighting       | 4 |  4.0
Armour         | |  3.2
Shields        | |  3.2

Action                   |  1- 3 |  4- 6 || total
-------------------------+-------+-------++-------
Melee: War axe           |   107 |   139 ||   246
Throw: Boomerang         |       |    27 ||    27
  Use: Scroll            |     2 |     7 ||     9
       Potion            |     1 |     3 ||     4
Armor: Scale mail        |    53 |     3 ||    56
       Ring mail         |       |    44 ||    44
       Chain mail        |       |    17 ||    17
Dodge: Dodged            |    45 |    55 ||   100
Block: Buckler           |    19 |    20 ||    39

Table legend:
 A = Non-vault XP
 B = Vault XP
 C = Vault XP percentage of total XP
 D = Non-vault monster count
 E = Vault monster count
 F = Vault count percentage of total count
                 A         B        C        D         E       F
            +---------+---------+-------+---------+---------+-------
      Total |     522 |      72 |  12.1 |      86 |      18 |  17.3
            +---------+---------+-------+---------+---------+-------
        D:1 |      33 |       8 |  19.5 |      21 |       3 |  12.5
        D:2 |      30 |      36 |  54.5 |      13 |       1 |   7.1
        D:3 |      55 |      25 |  31.2 |      19 |      12 |  38.7
        D:4 |     238 |       0 |   0.0 |      20 |       0 |   0.0
        D:5 |     123 |       3 |   2.4 |      12 |       2 |  14.3
        D:6 |      43 |       0 |   0.0 |       1 |       0 |   0.0
            +---------+---------+-------+---------+---------+-------
